| TOP OF THE 1ST |
|
Duluth-Superior Dukes batting - Pitching for Huron Cubs : LHP Oliver Bell
|
|
Pitching: LHP Oliver Bell
|
|
|
Batting: RHB Ricky Sheetz
|
0-0: Ball 1-0: Ball 2-0: Ball 3-0: Called Strike 3-1: Foul Ball, location: 2F 3-2: Base on Balls
|
|
Batting: LHB Ralph Bryant
|
0-0: Ball 1-0: Ball 2-0: Fielders Choice at 2nd, 3-6 (Groundball, 34, EV 84.4 MPH)
|
|
Batting: LHB Ron Henika
|
0-0: Ball 1-0: Ball 2-0: Called Strike 2-1: Foul Ball, location: 2F 2-2: Ball 3-2: Grounds into double play, 6-4-3 (Groundball, 6, EV 81.9 MPH)
|
| Top of the 1st over - 0 runs, 0 hits, 0 errors, 0 left on base; Duluth-Superior 0 - Huron 0 |
| BOTTOM OF THE 1ST |
|
Huron Cubs batting - Pitching for Duluth-Superior Dukes : RHP William Mills
|
|
Pitching: RHP William Mills
|
|
|
Batting: SHB Keith Smith
|
0-0: Called Strike 0-1: Ball 1-1: Fly out, F8 (Flyball, 8RM, EV 80.0 MPH)
|
|
Batting: RHB Greg Zunino
|
0-0: Ball 1-0: Ball 2-0: Ball 3-0: Called Strike 3-1: Base on Balls
|
|
Batting: RHB Mark Carreon
|
0-0: Ball 1-0: Foul Ball, location: 2F 1-1: Ball 2-1: Called Strike 2-2: Ball 3-2: Base on Balls Greg Zunino to second
|
|
Batting: RHB John Alvarez
|
0-0: Ball 1-0: Called Strike 1-1: Called Strike 1-2: Ball 2-2: Ball 3-2: Strikes out looking
|
|
Batting: LHB Willis Gonzalez
|
0-0: Ball 1-0: Ball 2-0: Fielders Choice at 2nd, 6-4 (Groundball, 6, EV 99.4 MPH)
|
| Bottom of the 1st over - 0 runs, 0 hits, 0 errors, 2 left on base; Duluth-Superior 0 - Huron 0 |
| TOP OF THE 2ND |
|
Duluth-Superior Dukes batting - Pitching for Huron Cubs : LHP Oliver Bell
|
|
Batting: RHB Dave Hengel
|
0-0: SINGLE (Groundball, 56S, EV 71.9 MPH) (infield hit)
|
|
Batting: RHB Jim Ferguson
|
0-0: Swinging Strike 0-1: Ball 1-1: Swinging Strike 1-2: SINGLE (Groundball, 4MD, EV 95.6 MPH) Dave Hengel to second
|
|
Batting: SHB Garry Humpston
|
0-0: Ball 1-0: Fly out, F8 (Flyball, 8RD, EV 81.9 MPH)
|
|
Batting: RHB Gary Hinson
|
0-0: Reached on error, E6 (Groundball, 6S, EV 67.5 MPH) Dave Hengel to third Jim Ferguson to second
|
|
Batting: RHB Hector Cervantes
|
0-0: SINGLE (Flyball, 78S, EV 90.0 MPH) Dave Hengel scores Jim Ferguson to third Gary Hinson to second Runner from 3rd tries for Home, SAFE, throw by LF to home
|
|
Batting: RHB Allan Garray
|
0-0: Foul Ball, location: 2F 0-1: Called Strike 0-2: Fly out, F8 (Line Drive, 8RM, EV 86.3 MPH)
|
|
Batting: RHB Ricky Sheetz
|
0-0: Ball 1-0: Called Strike 1-1: Foul Ball, location: 2F 1-2: Foul Ball, location: 2F 1-2: Ball 2-2: Ball 3-2: Fly out, F9 (Flyball, 9LD, EV 101.9 MPH)
|
| Top of the 2nd over - 2 runs, 3 hits, 1 error, 2 left on base; Duluth-Superior 2 - Huron 0 |
| BOTTOM OF THE 2ND |
|
Huron Cubs batting - Pitching for Duluth-Superior Dukes : RHP William Mills
|
|
Batting: RHB Mike Stellern
|
0-0: Ball 1-0: Ground out 5-3 (Groundball, 56S, EV 75.6 MPH)
|
|
Batting: LHB Rob Nelson
|
0-0: Swinging Strike 0-1: Called Strike 0-2: Foul Ball, location: 2F 0-2: Foul Ball, location: 2F 0-2: Foul Ball, location: 2F 0-2: Fly out, F9 (Line Drive, 9D, EV 93.1 MPH)
|
|
Batting: RHB Phillip Wilson
|
0-0: Called Strike 0-1: Foul Ball, location: 2F 0-2: Foul Ball, location: 2F 0-2: Ball 1-2: Foul Ball, location: 2F 1-2: Fly out, F8 (Flyball, 89S, EV 96.3 MPH)
|
| Bottom of the 2nd over - 0 runs, 0 hits, 0 errors, 0 left on base; Duluth-Superior 2 - Huron 0 |
| TOP OF THE 3RD |
|
Duluth-Superior Dukes batting - Pitching for Huron Cubs : LHP Oliver Bell
|
|
Batting: LHB Ralph Bryant
|
0-0: Ball 1-0: Foul Ball, location: 2F 1-1: Ball 2-1: Foul Ball, location: 2F 2-2: Foul Ball, location: 2F 2-2: Ball 3-2: Foul Ball, location: 2F 3-2: Ground out 6-3 (Groundball, 56, EV 84.4 MPH)
|
|
Batting: LHB Ron Henika
|
0-0: Called Strike 0-1: Called Strike 0-2: Ball 1-2: Ground out U3 (Groundball, 3, EV 107.5 MPH)
|
|
Batting: RHB Dave Hengel
|
0-0: Called Strike 0-1: Fly out, F8 (Flyball, 78XD, EV 94.4 MPH)
|
| Top of the 3rd over - 0 runs, 0 hits, 0 errors, 0 left on base; Duluth-Superior 2 - Huron 0 |
| BOTTOM OF THE 3RD |
|
Huron Cubs batting - Pitching for Duluth-Superior Dukes : RHP William Mills
|
|
Batting: SHB Chris Pittaro
|
0-0: Ball 1-0: Swinging Strike 1-1: Called Strike 1-2: SINGLE (Groundball, 6M, EV 96.3 MPH) (infield hit)
|
|
Batting: SHB Keith Smith
|
0-0: Ball 1-0: Grounds into double play, 4-6-3 (Groundball, 4, EV 100.6 MPH)
|
|
Batting: RHB Greg Zunino
|
0-0: Swinging Strike 0-1: Ball 1-1: Swinging Strike 1-2: Ball 2-2: Reached on error, E5 (Groundball, 56S, EV 80.6 MPH)
|
|
Batting: RHB Mark Carreon
|
0-0: Foul Ball, location: 2F 0-1: Swinging Strike 0-2: Ball 1-2: Foul Ball, location: 2F 1-2: SINGLE (Line Drive, 9S, EV 89.4 MPH) Greg Zunino to third Runner from 3rd tries for Home, SAFE, throw by RF to home
|
|
Batting: RHB John Alvarez
|
0-0: Called Strike 0-1: Ball 1-1: Ball 2-1: Ball 3-1: Foul Ball, location: 2F 3-2: Fly out, F8 (Flyball, 8LXD, EV 98.8 MPH)
|
| Bottom of the 3rd over - 1 run, 2 hits, 1 error, 1 left on base; Duluth-Superior 2 - Huron 1 |
| TOP OF THE 4TH |
|
Duluth-Superior Dukes batting - Pitching for Huron Cubs : LHP Oliver Bell
|
|
Batting: RHB Jim Ferguson
|
0-0: Swinging Strike 0-1: Foul Ball, location: 2F 0-2: Ball 1-2: Ground out 6-3 (Groundball, 6S, EV 88.1 MPH)
|
|
Batting: SHB Garry Humpston
|
0-0: Ground out 6-3 (Groundball, 6, EV 88.1 MPH)
|
|
Batting: RHB Gary Hinson
|
0-0: SINGLE (Groundball, 6MD, EV 94.4 MPH)
|
|
Batting: RHB Hector Cervantes
|
0-0: Ball 1-0: Ball 2-0: Called Strike 2-1: Foul Ball, location: 2F 2-2: Fly out, F7 (Flyball, 7D, EV 103.1 MPH)
|
| Top of the 4th over - 0 runs, 1 hit, 0 errors, 1 left on base; Duluth-Superior 2 - Huron 1 |
| BOTTOM OF THE 4TH |
|
Huron Cubs batting - Pitching for Duluth-Superior Dukes : RHP William Mills
|
|
Batting: LHB Willis Gonzalez
|
0-0: Ball 1-0: Swinging Strike 1-1: Swinging Strike 1-2: Ball 2-2: Ball 3-2: Base on Balls
|
|
Batting: RHB Mike Stellern
|
0-0: Called Strike 0-1: Ball 1-1: Foul Ball, location: 2F 1-2: SINGLE (Line Drive, 9S, EV 100.6 MPH) Willis Gonzalez to second Runner from 2nd tries for 3rd, SAFE, throw by RF made to third
|
|
Batting: LHB Rob Nelson
|
0-0: Ball 1-0: Foul Ball, location: 2F 1-1: Grounds into double play, 4-6-3 (Groundball, 4, EV 88.1 MPH) Willis Gonzalez scores
|
|
Batting: RHB Phillip Wilson
|
0-0: Called Strike 0-1: Fly out, F9 (Flyball, 9, EV 90.6 MPH)
|
| Bottom of the 4th over - 1 run, 1 hit, 0 errors, 0 left on base; Duluth-Superior 2 - Huron 2 |
| TOP OF THE 5TH |
|
Duluth-Superior Dukes batting - Pitching for Huron Cubs : LHP Oliver Bell
|
|
Batting: RHB Allan Garray
|
0-0: Ball 1-0: Fly out, F4 (Popup, 3D, EV 53.1 MPH)
|
|
Batting: RHB Ricky Sheetz
|
0-0: DOUBLE (Line Drive, 5D, EV 95.6 MPH)
|
|
Batting: LHB Ralph Bryant
|
0-0: Ball 1-0: Swinging Strike 1-1: Foul Ball, location: 2F 1-2: Foul Ball, location: 2F 1-2: Ball 2-2: Foul Ball, location: 2F 2-2: Foul Ball, location: 2F 2-2: Strikes out swinging
|
|
Batting: LHB Ron Henika
|
0-0: Foul Ball, location: 2F 0-1: Ground out U3 (Groundball, 3L, EV 86.3 MPH)
|
| Top of the 5th over - 0 runs, 1 hit, 0 errors, 1 left on base; Duluth-Superior 2 - Huron 2 |
| BOTTOM OF THE 5TH |
|
Huron Cubs batting - Pitching for Duluth-Superior Dukes : RHP William Mills
|
|
Batting: SHB Chris Pittaro
|
0-0: Called Strike 0-1: SINGLE (Line Drive, 8RS, EV 107.5 MPH)
|
|
Batting: SHB Keith Smith
|
0-0: Sac Bunt to 15 - play at first, batter OUT! 1-4 Chris Pittaro to second
|
|
Batting: RHB Greg Zunino
|
0-0: Foul Ball, location: 2F 0-1: Swinging Strike 0-2: Strikes out swinging, 2-3 out at first.
|
|
Batting: RHB Mark Carreon
|
0-0: Intentional Walk
|
|
Batting: RHB John Alvarez
|
0-0: Ball 1-0: Fly out, F7 (Flyball, 7, EV 85.6 MPH)
|
| Bottom of the 5th over - 0 runs, 1 hit, 0 errors, 2 left on base; Duluth-Superior 2 - Huron 2 |
| TOP OF THE 6TH |
|
Duluth-Superior Dukes batting - Pitching for Huron Cubs : LHP Oliver Bell
|
|
Batting: RHB Dave Hengel
|
0-0: Ball 1-0: Foul Ball, location: 2F 1-1: Ball 2-1: Foul Ball, location: 2F 2-2: SINGLE (Groundball, 6M, EV 107.5 MPH)
|
|
Batting: RHB Jim Ferguson
|
0-0: Ball 1-0: Swinging Strike 1-1: Swinging Strike 1-2: Strikes out swinging
|
|
Batting: SHB Garry Humpston
|
0-0: Ball 1-0: Foul Ball, location: 2F 1-1: Ball 2-1: Ball 3-1: Foul Ball, location: 2F 3-2: Strikes out swinging Dave Hengel steals 2nd base Batter strikes out.
|
|
Batting: RHB Gary Hinson
|
0-0: Called Strike 0-1: SINGLE (Flyball, 89M, EV 94.4 MPH) - OUT at second base trying to stretch hit. Dave Hengel scores
|
| Top of the 6th over - 1 run, 2 hits, 0 errors, 0 left on base; Duluth-Superior 3 - Huron 2 |
| BOTTOM OF THE 6TH |
|
Huron Cubs batting - Pitching for Duluth-Superior Dukes : RHP William Mills
|
|
Batting: LHB Willis Gonzalez
|
0-0: Ball 1-0: Ball 2-0: Called Strike 2-1: Fly out, F5 (Popup, 56S, EV 71.9 MPH)
|
|
Batting: RHB Mike Stellern
|
0-0: Called Strike 0-1: Ball 1-1: Fly out, F7 (Flyball, 7S, EV 88.1 MPH)
|
|
Batting: LHB Rob Nelson
|
0-0: Swinging Strike 0-1: Ball 1-1: Ball 2-1: Fly out, F3 (Flyball, 3D, EV 91.9 MPH)
|
| Bottom of the 6th over - 0 runs, 0 hits, 0 errors, 0 left on base; Duluth-Superior 3 - Huron 2 |
| TOP OF THE 7TH |
|
Duluth-Superior Dukes batting - Pitching for Huron Cubs : LHP Oliver Bell
|
|
Batting: RHB Hector Cervantes
|
0-0: Fly out, F5 (Line Drive, 5, EV 77.5 MPH)
|
|
Batting: RHB Allan Garray
|
0-0: Ball 1-0: Swinging Strike 1-1: Ball 2-1: Foul Ball, location: 2F 2-2: Ball 3-2: SINGLE (Line Drive, 34D, EV 95.0 MPH)
|
|
Batting: RHB Ricky Sheetz
|
0-0: Called Strike 0-1: Ball 1-1: Called Strike 1-2: 2-RUN HOME RUN (Flyball, 7D, EV 95.6 MPH), Distance : 360 ft
|
|
Batting: LHB Ralph Bryant
|
0-0: Ball 1-0: Foul Ball, location: 2F 1-1: Ball 2-1: Swinging Strike 2-2: Fly out, F8 (Flyball, 8RM, EV 90.6 MPH)
|
|
Batting: LHB Ron Henika
|
0-0: Ball 1-0: Ball 2-0: Foul Ball, location: 2F 2-1: Fly out, F7 (Flyball, 7S, EV 83.8 MPH)
|
| Top of the 7th over - 2 runs, 2 hits, 0 errors, 0 left on base; Duluth-Superior 5 - Huron 2 |
| BOTTOM OF THE 7TH |
|
Huron Cubs batting - Pitching for Duluth-Superior Dukes : RHP William Mills
|
|
Batting: RHB Phillip Wilson
|
0-0: Ball 1-0: Foul Ball, location: 2F 1-1: Called Strike 1-2: Fly out, F7 (Flyball, 78M, EV 89.4 MPH)
|
|
Batting: SHB Chris Pittaro
|
0-0: Ball 1-0: Called Strike 1-1: SINGLE (Groundball, 3S, EV 74.4 MPH) (infield hit)
|
|
Pitching: RHP Oscar Negron
|
|
|
Batting: SHB Keith Smith
|
0-0: Ball 1-0: Ball Chris Pittaro steals 2nd base 2-0: Ball 3-0: Called Strike 3-1: Base on Balls
|
|
Batting: RHB Greg Zunino
|
0-0: Ball 1-0: Called Strike 1-1: Swinging Strike 1-2: Foul Ball, location: 2F 1-2: Ball 2-2: Ball 3-2: Grounds into double play, 4-6-3 (Groundball, 34, EV 85.6 MPH)
|
| Bottom of the 7th over - 0 runs, 1 hit, 0 errors, 1 left on base; Duluth-Superior 5 - Huron 2 |
| TOP OF THE 8TH |
|
Duluth-Superior Dukes batting - Pitching for Huron Cubs : LHP Oliver Bell
|
|
Pitching: RHP Jose Lopez
|
|
|
Batting: RHB Dave Hengel
|
0-0: Foul Ball, location: 2F 0-1: Called Strike 0-2: Foul Ball, location: 2F 0-2: Ball 1-2: Foul Ball, location: 2F 1-2: DOUBLE (Line Drive, 78XD, EV 113.1 MPH)
|
|
Batting: RHB Jim Ferguson
|
0-0: Ball 1-0: Ball 2-0: Swinging Strike 2-1: DOUBLE (Line Drive, 7LM, EV 111.9 MPH) Dave Hengel scores
|
|
Batting: SHB Garry Humpston
|
0-0: Swinging Strike 0-1: Ball 1-1: Called Strike 1-2: Ball 2-2: Strikes out swinging
|
|
Batting: RHB Gary Hinson
|
0-0: Called Strike 0-1: Swinging Strike 0-2: Foul Ball, location: 2F 0-2: Foul Ball, location: 2F 0-2: Strikes out swinging
|
|
Batting: RHB Hector Cervantes
|
0-0: Called Strike 0-1: Called Strike 0-2: Foul Ball, location: 2F 0-2: Ball 1-2: Fly out, F8 (Flyball, 89M, EV 91.3 MPH)
|
| Top of the 8th over - 1 run, 2 hits, 0 errors, 1 left on base; Duluth-Superior 6 - Huron 2 |
| BOTTOM OF THE 8TH |
|
Huron Cubs batting - Pitching for Duluth-Superior Dukes : RHP Oscar Negron
|
|
Batting: RHB Mark Carreon
|
0-0: SINGLE (Line Drive, 89M, EV 102.5 MPH)
|
|
Batting: RHB John Alvarez
|
0-0: Ball 1-0: Called Strike 1-1: Fly out, F8 (Flyball, 8LM, EV 91.3 MPH)
|
|
Batting: LHB Willis Gonzalez
|
0-0: Ball 1-0: Called Strike 1-1: Swinging Strike 1-2: DOUBLE (Line Drive, 8LXD, EV 108.1 MPH) Mark Carreon to third Runner from 3rd tries for Home, SAFE, no throw by CF
|
|
Batting: RHB Mike Stellern
|
0-0: Ball 1-0: Ball 2-0: Ball 3-0: Called Strike 3-1: Base on Balls
|
|
Batting: LHB Rob Nelson
|
0-0: Foul Ball, location: 2F 0-1: Swinging Strike 0-2: Ball 1-2: Fly out, F9 (Line Drive, 9D, EV 96.9 MPH)
|
|
Batting: RHB Phillip Wilson
|
0-0: Called Strike 0-1: Swinging Strike 0-2: Ball 1-2: Foul Ball, location: 2F 1-2: Foul Ball, location: 2F 1-2: Fly out, F7 (Line Drive, 7, EV 91.3 MPH)
|
| Bottom of the 8th over - 1 run, 2 hits, 0 errors, 2 left on base; Duluth-Superior 6 - Huron 3 |
| TOP OF THE 9TH |
|
Duluth-Superior Dukes batting - Pitching for Huron Cubs : RHP Jose Lopez
|
|
Pitching: LHP Jose Soto
|
|
|
Batting: RHB Allan Garray
|
0-0: Fly out, F3 (Flyball, 3D, EV 85.0 MPH)
|
|
Batting: RHB Ricky Sheetz
|
0-0: Ball 1-0: Ball 2-0: Ball 3-0: Foul Ball, location: 2F 3-1: Base on Balls
|
|
Batting: LHB Ralph Bryant
|
0-0: Called Strike 0-1: Ground out 5-3 (Groundball, 56, EV 86.3 MPH) Ricky Sheetz to second
|
|
Batting: LHB Ron Henika
|
0-0: Ball 1-0: Ball 2-0: Foul Ball, location: 2F 2-1: Ball 3-1: Fly out, F8 (Flyball, 8LD, EV 100.0 MPH)
|
| Top of the 9th over - 0 runs, 0 hits, 0 errors, 1 left on base; Duluth-Superior 6 - Huron 3 |
| BOTTOM OF THE 9TH |
|
Huron Cubs batting - Pitching for Duluth-Superior Dukes : RHP Oscar Negron
|
|
Pitching: RHP Arthur Diekmann
|
|
|
Now at 2B: Everette Smith
|
|
|
Batting: SHB Chris Pittaro
|
0-0: Called Strike 0-1: Fly out, F9 (Flyball, 89M, EV 96.9 MPH)
|
|
Batting: SHB Keith Smith
|
0-0: Called Strike 0-1: Fly out, F7 (Flyball, 7LM, EV 89.4 MPH)
|
|
Batting: RHB Greg Zunino
|
0-0: Foul Ball, location: 2F 0-1: Ball 1-1: Foul Ball, location: 2F 1-2: Ball 2-2: Ball 3-2: Ground out 4-3 (Groundball, 4, EV 81.3 MPH)
|
| Bottom of the 9th over - 0 runs, 0 hits, 0 errors, 0 left on base; Duluth-Superior 6 - Huron 3 |
|